 Dungeon Crawl Stone Soup version 0.17.1-3-g152610e (webtiles) character file.

5403 Miyamura the Magician (level 10, -2/77 HPs)
             Began as a Mummy Wizard on Mar 4, 2016.
             Was an Initiate of Gozag.
             Killed from afar by Erolcha (23 damage)
             ... with a stone arrow
             ... on level 8 of the Dungeon.
             The game lasted 00:47:56 (15812 turns).

Miyamura the Magician (Mummy Wizard)               Turns: 15812, Time: 00:47:56

Health: -2/77      AC:  7    Str: 14    XL:     10   Next: 40%
Magic:  20/20      EV: 14    Int: 20    God:    Gozag
Gold:   310        SH:  6    Dex: 13    Spells: 7 memorised, 8 levels left

rFire  + . .     SeeInvis .     h - +8 long sword of Ibbu {slice, Dex+2 Stlth+}
rCold  + . .     Clarity  .     r - +1 robe {rC+ rF+}
rNeg   + + +     SustAt   .     A - +2 buckler of the Gusle {Str+3}
rPois  ∞         Gourm    .     d - +1 hat
rElec  .         Spirit   .     j - +0 cloak
rCorr  .         Warding  .     n - +1 pair of gloves
rMut   .         Stasis   .     (no boots)
MR     +....                    (no amulet)
Stlth  ++........               y - ring of fire
                                o - +2 ring of slaying

@: silence (expiring), somewhat resistant to hostile enchantments, unstealthy
A: no food or potions, fire vulnerability, cold resistance 1, negative energy
resistance 3, torment resistance, unbreathing
a: Renounce Religion


You were on level 8 of the Dungeon.
You worshipped Gozag.
Gozag was noncommittal.
You were not hungry.

You visited 2 branches of the dungeon, and saw 9 of its levels.
You also visited: Sewer and Ossuary.

You collected 1457 gold pieces.
You spent 275 gold pieces at shops.
You paid 872 gold pieces to Gozag.

Inventory:

Hand Weapons
 h - the +8 long sword of Ibbu (weapon) {slice, Dex+2 Stlth+}
   (You found it on level 4 of the Dungeon)

   It inflicts extra damage upon your enemies.
   It affects your dexterity (+2).
   It makes you more stealthy.
 m - a +2 dagger of speed
 p - a +0 dagger of electrocution
Missiles
 f - 5 javelins (quivered)
 l - 11 poisoned needles
Armour
 d - a +1 hat (worn)
 j - a +0 cloak (worn)
 n - a +1 pair of gloves (worn)
 r - a +1 robe of resistance (worn)
 u - a +0 pair of gloves
 A - the +2 buckler of the Gusle (worn) {Str+3}
   (You bought it in a shop on level 7 of the Dungeon)

   It affects your strength (+3).
Jewellery
 o - a +2 ring of slaying (left hand)
 t - an uncursed ring of ice
 y - a ring of fire (right hand)
Wands
 b - a wand of confusion (19)
 s - a wand of magic darts (17)
 w - a wand of flame (32)
Scrolls
 a - 2 scrolls of immolation
 e - a scroll of fear
 g - 2 scrolls of fog
 i - 4 scrolls of amnesia
 k - a scroll of teleportation
 q - a scroll of enchant weapon {unknown}
 v - 2 scrolls of recharging
Books
 c - a book of Minor Magic

   Spells                             Type                      Level
   a - Magic Dart                     Conjuration                  1
   b - Blink                          Translocation                2
   c - Call Imp                       Summoning                    2
   d - Repel Missiles                 Charms/Air                   2
   e - Slow                           Hexes                        2
   f - Conjure Flame                  Conjuration/Fire             3
   g - Mephitic Cloud                 Conjuration/Poison/Air       3


   Skills:
 - Level 6.7 Fighting
 - Level 4.8 Long Blades
 - Level 5.8 Dodging
 - Level 4.0 Stealth
 + Level 1.2 Shields
 - Level 7.0 Spellcasting
 - Level 5.6 Conjurations
 - Level 0.7 Summonings
 - Level 0.7 Translocations


You had 8 spell levels left.
You knew the following spells:

 Your Spells              Type           Power        Failure   Level  Hunger
a - Magic Dart            Conj           ####         1%          1    N/A
b - Blink                 Tloc           N/A          17%         2    N/A
c - Call Imp              Summ           #.......     17%         2    N/A
f - Conjure Flame         Conj/Fire      ####....     14%         3    N/A
m - Mephitic Cloud        Conj/Pois/Air  ##......     21%         3    N/A
s - Slow                  Hex            #.......     21%         2    N/A
R - Repel Missiles        Chrm/Air       #.....       21%         2    N/A

Dungeon Overview and Level Annotations

Branches:
Dungeon (8/15)             Temple (1/1) D:6            Lair (0/8) D:8

Altars:
Ashenzari
Cheibriados
Dithmenos
Elyvilon
Fedhas
Gozag
Kikubaaqudgha
Makhleb
Nemelex Xobeh
Okawaru
Qazlal
Ru
Sif Muna
Trog
Vehumet
Xom
Yredelemnul
Zin
The Shining One

Shops:
D:7 [((![

Annotations:
D:8 Erolcha


Innate Abilities, Weirdness & Mutations

You do not eat or drink.
Your flesh is vulnerable to fire.
You are immune to poison.
Your flesh is cold resistant.
You are immune to negative energy.
You are immune to unholy pain and torment.
You can survive without breathing.


Message History

Erolcha hits you with a giant club!!
* * * LOW HITPOINT WARNING * * *
Erolcha casts a spell at you.
The stone arrow is repelled.
You feel less protected from missiles.
You see here a spear.
Read which item? (? for menu, Esc to quit)
Okay, then.
Evoke which item? (* to show all) (? for menu, Esc to quit)
Zapping:
b - a wand of confusion (19)
Press: ? - help, Shift-Dir - straight line, f - Erolcha
Aim: Erolcha, wielding a giant club and wearing a robe (moderately wounded, chance to defeat MR: 15%)
Okay, then.
Evoke which item? (* to show all) (? for menu, Esc to quit)
Okay, then.
You cannot cast spells when silenced!
Erolcha gestures at you while chanting. The stone arrow hits you!
You die...
Your body crumbles into a pile of gold.

..#(#..........###...#.....PPPPPP
..#'############ #...#.P.>..P.PP.
).........# #...#PP.........
..........# #...#PP.PP.PP...
..........#### #####PPPPP..$...
.............# ##..P..P...#
#............############.....###
#######...............#####.###
#.........@..O..).....#
#...............#######
#.............[.##.#.#####
#.................#.#.#%%#
#.......).......##.#.#'%%#
#......########.#.#.#.####
#......# ######### ########


You could see Erolcha.

Vanquished Creatures
  Pikel (D:5)
  Maurice (D:8)
  A komodo dragon (D:8)
  A wyvern (D:8)
  2 hungry ghosts (D:8)
  A soldier ant (D:8)
  Duvessa (D:4)
  An orc warrior (D:7)
  2 phantoms
  5 ogres
  3 sky beasts (D:7)
  2 centaurs (D:7)
  A wasp (D:8)
  A crocodile (D:8)
  5 giant frogs
  Blork the orc (D:4)
  3 big kobolds (Sewer)
  Dowan (D:4)
  3 wights (D:8)
  A quasit (D:7)
  A crimson imp (D:7)
  5 orc priests
  A giant frog skeleton (D:5)
  3 centaur zombies
  2 jellies
  10 orc wizards
  3 hounds
  Jessica (D:3)
  12 worker ants
  An iguana (D:8)
  3 big kobold zombies (Ossuary)
  A hound zombie (Ossuary)
  A hound skeleton (D:8)
  4 mummies (Ossuary)
  10 adders
  10 gnolls
  2 river rats
  A shadow imp (D:6)
  7 oozes
  2 adder zombies (Ossuary)
  10 worms
  27 orcs
  4 giant cockroaches
  2 gnoll zombies (Ossuary)
  9 hobgoblins
  20 jackals
  6 quokkas
  6 ball pythons
  8 bats
  7 giant geckos
  2 giant gecko zombies
  10 giant newts
  8 goblins
  11 kobolds
  2 kobold zombies (Ossuary)
  2 orc zombies (Ossuary)
  2 quokka skeletons
  14 rats
  A plant (D:8)
268 creatures vanquished.

Vanquished Creatures (collateral kills)
  A giant frog (D:2)
  Ijyb (D:1)
  3 adders
  4 worms (D:2)
  3 orcs
  A giant cockroach (D:1)
  A goblin (D:2)
  A hobgoblin (D:2)
  7 jackals
  2 giant geckos
  A kobold (D:6)
25 creatures vanquished.

Vanquished Creatures (others)
  A slave (D:5)
  2 giant frogs (D:6)
  A centaur skeleton (D:6)
  An orc wizard (D:6)
  A hound skeleton (D:6)
  An adder (D:6)
  A giant gecko (D:6)
  4 orcs (D:6)
  2 jackals (D:6)
  A quokka (D:6)
  12 plants (D:8)
27 creatures vanquished.

Grand Total: 320 creatures vanquished

Notes
Turn   | Place    | Note
--------------------------------------------------------------
     0 | D:1      | Miyamura the Mummy Wizard began the quest for the Orb.
     0 | D:1      | Reached XP level 1. HP: 13/13 MP: 4/4
    65 | D:1      | Reached skill level 1 in Conjurations
   695 | D:1      | Reached XP level 2. HP: 5/20 MP: 1/6
   935 | D:1      | Learned a level 2 spell: Blink
   938 | D:1      | Learned a level 2 spell: Repel Missiles
   942 | D:1      | Learned a level 2 spell: Call Imp
  2035 | D:1      | Reached XP level 3. HP: 10/25 MP: 0/7
  2261 | D:2      | Noticed Ijyb
  2390 | D:1      | Killed Ijyb
  2390 | D:1      | Reached skill level 1 in Fighting
  3010 | D:2      | Reached XP level 4. HP: 29/32 MP: 1/9
  3091 | D:2      | Learned a level 2 spell: Slow
  4045 | D:2      | Found a faded altar to an unknown god.
  4270 | D:2      | Noticed a giant frog
  4871 | D:2      | Killed a giant frog
  4871 | D:2      | Reached XP level 5. HP: 19/37 MP: 1/10
  5360 | D:3      | Noticed Jessica
  5367 | D:3      | Killed Jessica
  6110 | D:4      | Noticed an ogre
  6123 | D:4      | Killed an ogre
  6123 | D:4      | Reached XP level 6. HP: 43/45 MP: 1/11
  6268 | D:4      | Noticed Blork the orc
  6295 | D:4      | Killed Blork the orc
  6569 | D:4      | Reached skill level 4 in Spellcasting
  6747 | D:4      | Got a brightly glowing long sword
  6748 | D:4      | Identified the +8 long sword of Ibbu {slice, Dex+2 Stlth+} (You found it on level 4 of the Dungeon)
  7085 | D:4      | Reached XP level 7. HP: 48/51 MP: 1/13
  7369 | D:4      | Noticed Duvessa
  7369 | D:4      | Noticed Dowan
  7373 | D:4      | Killed Duvessa
  7373 | D:4      | Reached skill level 1 in Long Blades
  7378 | D:4      | Killed Dowan
  7646 | D:5      | Entered Level 5 of the Dungeon
  7780 | D:5      | Found a glowing drain.
  7784 | Sewer    | Entered a sewer
  8370 | Sewer    | Reached XP level 8. HP: 56/59 MP: 14/14
  9023 | D:5      | Learned a level 3 spell: Mephitic Cloud
  9027 | D:5      | Learned a level 3 spell: Conjure Flame
  9408 | D:5      | Reached skill level 5 in Spellcasting
  9552 | D:6      | Noticed Pikel
  9823 | D:5      | Killed Pikel
 10379 | D:5      | Reached XP level 9. HP: 67/67 MP: 5/17
 10477 | D:5      | Reached skill level 5 in Fighting
 10638 | D:6      | Found a staircase to the Ecumenical Temple.
 10647 | Temple   | Entered the Ecumenical Temple
 10719 | Temple   | Became a worshipper of Gozag Ym Sagoz the Greedy
 11330 | D:6      | Found a blossoming altar of Fedhas.
 12377 | D:7      | Reached skill level 6 in Spellcasting
 12593 | D:7      | Found Hasecuy's Armour Shop.
 12626 | D:7      | Reached skill level 5 in Dodging
 12731 | D:7      | Found Oluaduh's Weapon Shop.
 12957 | D:7      | Found Xecoomaf's Weapon Emporium.
 13091 | D:7      | Found Milaaf's Distillery.
 13186 | D:7      | Reached skill level 5 in Conjurations
 13964 | D:8      | Found a sand-covered staircase.
 13968 | D:8      | Noticed Erolcha
 13973 | Ossuary  | Entered an ossuary
 14280 | D:8      | Noticed Maurice
 14304 | D:8      | Killed Maurice
 14304 | D:8      | Reached XP level 10. HP: 64/77 MP: 18/20
 14511 | D:8      | Noticed a komodo dragon
 14517 | D:8      | Found a staircase to the Lair.
 14523 | D:8      | Killed a komodo dragon
 15434 | D:8      | Reached skill level 7 in Spellcasting
 15627 | D:7      | Bought a pitted buckler for 275 gold pieces
 15627 | D:7      | Identified the +2 buckler of the Gusle {Str+3} (You bought it in a shop on level 7 of the Dungeon)
 15673 | D:7      | Reached skill level 1 in Shields
 15812 | D:8      | Killed from afar by Erolcha

Action                   |  1- 3 |  4- 6 |  7- 9 | 10-12 || total
-------------------------+-------+-------+-------+-------++-------
Melee: Unarmed           |     9 |       |       |       ||     9
       Dagger            |    17 |   130 |       |       ||   147
       Long sword        |       |     2 |   427 |   105 ||   534
 Cast: Magic Dart        |    92 |   106 |    35 |       ||   233
       Call Imp          |    19 |    41 |     5 |       ||    65
       Repel Missiles    |     1 |       |     2 |     1 ||     4
       Slow              |       |     3 |     5 |       ||     8
       Mephitic Cloud    |       |       |     6 |     1 ||     7
       Blink             |       |       |     4 |       ||     4
       Conjure Flame     |       |       |     2 |       ||     2
Invok: Call Merchant     |       |       |     1 |       ||     1
Evoke: Wand              |       |     8 |     8 |     4 ||    20
  Use: Scroll            |       |     5 |    14 |     5 ||    24
 Stab: Sleeping          |       |     9 |    10 |       ||    19
       Confused          |       |     1 |     4 |     3 ||     8
       Distracted        |       |       |     1 |     3 ||     4
